cohdb
Replays
Latest Replays
All Replays
Popular Replays
Top Player Replays
Match Explorer
How It Works
Community
CoH3 Stats
Reddit
Sign in to upload your games and track your stats! →
Sign in with Steam
Match 40851649
Unlisted
Match 40851649
Overview
Messages
Build Orders
End
Panzergrenadier Squad
Kradschützen Motorcycle Team
250 Light Carrier
Panzergrenadier Squad
Construct Light Support Kompanie
MG34 Team
Construct Mechanized Kompanie
Marder III Tank Destroyer
Panzergrenadier Squad
Panzerpioneer Squad
Construct Panzerarmee Kommand
Panzergrenadier Squad
Veteran Squad Leaders
Chemotherapy Vanguard vCr
Aquila
Gravey
nightshade rose
Note33299
RAZER
BigDog
Shark
0
0
Comments
sign in to comment!
No comments posted yet!